 Dungeon Crawl Stone Soup version 0.23.2-1-ga50397a (webtiles) character file.

Game seed: 8630725788282750083

1990 IBeShadow the Fighter (level 9, -12/78 HPs)
             Began as a Demonspawn Chaos Knight on May 6, 2019.
             Was a Plaything of Xom.
             Mangled by a hornet (16 damage)
             ... while paralysed by a hornet
             ... on level 7 of the Dungeon.
             The game lasted 00:20:11 (5843 turns).

IBeShadow the Fighter (Demonspawn Chaos Knight)     Turns: 5843, Time: 00:20:12

Health: -12/78     AC:  8    Str: 20    XL:     9   Next: 1%
Magic:  9/9        EV:  2    Int: 15    God:    Xom [*.....]
Gold:   311        SH:  0    Dex: 12    Spells: 8/8 levels left

rFire    + . .     SeeInvis .   a - +0 hand axe (chaos)
rCold    + . .     Gourm    .   (no shield)
rNeg     + . .     Faith    .   b - +3 leather armour
rPois    .         Spirit   .   (helmet unavailable)
rElec    .         Reflect  .   y - scarf {rC+ rF+}
rCorr    .         Harm     .   (no gloves)
MR       .....                  (no boots)
Stlth    ++........             m - amulet of magic regeneration
HPRegen  0.23/turn              l - ring of stealth
MPRegen  0.36/turn              v - ring of positive energy

@: paralysed, mighty, lethally poisoned (-12 -> -20), slowed
A: horns 3, yellow scales 1, demonic guardian 1, rot immunity
a: Renounce Religion


You were on level 7 of the Dungeon.
You worshipped Xom.
You were a special plaything of Xom.
You were hungry.

You visited 1 branch of the dungeon, and saw 8 of its levels.
You also visited: Ossuary.

You collected 311 gold pieces.

Inventory:

Hand Weapons
 a - a +0 hand axe of chaos (weapon)
Armour
 b - a +3 leather armour (worn)
 y - a scarf of resistance (worn)
Jewellery
 l - a ring of stealth (left hand)
 m - an amulet of magic regeneration (around neck)
 v - a ring of positive energy (right hand)
 B - an uncursed ring of magical power
Wands
 x - a wand of iceblast (8)
Scrolls
 d - a scroll of amnesia {unknown}
 e - 4 scrolls of teleportation
 g - 2 scrolls of fear {unknown}
 i - a scroll of identify
 k - 3 scrolls of enchant weapon {unknown}
 n - a scroll of magic mapping {unknown}
 o - 5 scrolls of remove curse
 r - 5 scrolls of enchant armour
 t - a scroll of fog {unknown}
 u - a scroll of random uselessness {unknown}
 w - a scroll of immolation {unknown}
 C - a scroll of blinking {unknown}
Potions
 f - 3 potions of lignification
 h - 3 potions of heal wounds {unknown}
 j - 2 potions of brilliance {unknown}
 p - 4 potions of curing
 q - 4 potions of might
 s - 5 potions of degeneration
 z - a potion of resistance {unknown}
Comestibles
 c - 12 rations


   Skills:
 * Level 10.0 Fighting
 + Level 6.8 Axes
 - Level 1.7 Armour
 - Level 0.8 Dodging


You had 8 spell levels left.
You didn't know any spells.
Your spell library contained the following spells:

 Spells                   Type           Power        Failure   Level  Hunger
 Beastly Appendage        Tmut           #.....       30%         1    ##.....
 Shock                    Conj/Air       #...         30%         1    ##.....
 Sticks to Snakes         Tmut           #.......     43%         2    ###....
 Swiftness                Chrm/Air       #.......     43%         2    ###....
 Spider Form              Tmut/Pois      #.........   67%         3    ####...
 Static Discharge         Conj/Air       #.......     67%         3    ####...
 Airstrike                Air            #.........   97%         4    #####..
 Ice Form                 Ice/Tmut       #.......     97%         4    #####..
 Blade Hands              Tmut           #.........   100%        5    ######.
 Lightning Bolt           Conj/Air       #.........   100%        5    ######.


Dungeon Overview and Level Annotations

Branches:
Dungeon (8/15)             Temple (0/1) D:4
   Lair: D:8-11

Altars:
Ashenzari
Cheibriados
Fedhas
Gozag
Hepliaklqana
Sif Muna
Trog
Vehumet
Xom

Shops:
D:7 }   D:8 =

Annotations:
D:8 Pikel


Innate Abilities, Weirdness & Mutations

You have a pair of large horns on your head.
You are partially covered in yellow scales. (AC +2)
A weak demonic guardian rushes to your aid.
You are immune to rotting.


Message History

The explosion engulfs the centaur zombie!
The centaur zombie is destroyed!
You are now a special plaything of Xom.
You hear a shout! x5; You hear an angry hiss.
The hornet stings you!
* * * LOW HITPOINT WARNING * * *
You are poisoned.
You feel as though you will be slow longer.
The hornet stings you.
* * * LOW HITPOINT WARNING * * *
You feel as though you will be slow longer.
The orc throws a tomahawk.
The tomahawk completely misses you.
You climb upwards.
You feel sick.
There is a stone staircase leading down here.
You feel better. The hornet stings you!
* * * LOW HITPOINT WARNING * * *
You are lethally poisoned!
You suddenly lose the ability to move!
The hornet stings you!
You die...
Xom laughs nastily!

####...#.........#####
#.....#.##..........#
##.......##..........#
.....................#
##....#####..........#
#..>.# #..........#
#....# #..........#
#....# #.....y....#
#....# #.....@....#
#....# ############
######


You could see a hornet.

Vanquished Creatures
  A wraith (Ossuary)
  A slave (D:8)
  A phantom (D:4)
  An ice beast (D:5)
  An eye of draining (D:7)
  An ogre (D:5)
  Blork the orc (D:5)
  2 bullfrogs
  A water moccasin skeleton (D:7)
  A scorpion (D:6)
  2 wights (D:8)
  A bullfrog zombie (D:5)
  2 crimson imps
  An orc priest (D:4)
  2 iguanas
  3 hounds (D:5)
  A jelly (D:7)
  10 orc wizards
  2 worker ants
  A statue (D:7)
  A big kobold zombie (Ossuary)
  3 mummies (Ossuary)
  2 worker ant zombies
  2 howler monkey skeletons
  3 adders (D:5)
  An adder zombie (D:8)
  An adder skeleton (D:4)
  2 worms (D:4)
  2 dart slugs
  5 leopard geckos
  10 orcs
  2 giant cockroaches
  2 gnoll zombies (Ossuary)
  6 goblins (D:1)
  5 hobgoblins
  4 jackals (D:5)
  2 kobolds
  A quokka (D:4)
  3 ball pythons
  6 bats (D:2)
  3 frilled lizards
  2 goblin zombies (Ossuary)
  A hobgoblin zombie (Ossuary)
  2 kobold zombies (Ossuary)
  A leopard gecko skeleton (D:6)
  A leopard gecko zombie (D:5)
  2 rats (D:3)
111 creatures vanquished.

Vanquished Creatures (collateral kills)
  Grinder (D:3)
  A centaur (D:7)
  A bullfrog (D:6)
  A wight (D:8)
  2 crimson imps (D:5)
  2 orc wizards (D:4)
  An orc priest (D:4)
  Jessica (D:3)
  An adder (D:4)
  2 leopard geckos
  3 orcs (D:4)
  A giant cockroach (D:4)
  2 frilled lizards
19 creatures vanquished.

Vanquished Creatures (others)
  A crimson imp (D:8)
  A centaur zombie (D:8)
  2 orc wizards (D:8)
4 creatures vanquished.

Grand Total: 134 creatures vanquished

Notes
Turn   | Place    | Note
-------+----------+-------------------------------------------
     0 | D:1      | IBeShadow the Demonspawn Chaos Knight began the quest for
                  | the Orb.
     0 | D:1      | Reached XP level 1. HP: 18/18 MP: 1/1
     4 | D:1      | XOM: potion effect (invisibility)
    81 | D:1      | Gained mutation: A weak demonic guardian rushes to your
                  | aid. [demonic ancestry]
    81 | D:1      | Reached XP level 2. HP: 23/24 MP: 2/2
   236 | D:1      | XOM: harmless Tmut miscast
   351 | D:1      | XOM: silly message
   573 | D:2      | Found a hazy altar of Hepliaklqana.
   573 | D:2      | Found a bloodstained altar of Trog.
   581 | D:2      | XOM: mild Air miscast
   755 | D:2      | Found a faded altar of an unknown god.
   757 | D:2      | Found a faded altar of an unknown god.
   759 | D:2      | Found a shimmering altar of Xom.
   890 | D:2      | XOM: cloud trail
  1138 | D:2      | Found a shattered altar of Ashenzari.
  1170 | D:2      | Found a blossoming altar of Fedhas.
  1315 | D:3      | Noticed Jessica
  1319 | D:3      | Killed Jessica
  1319 | D:3      | Reached skill level 4 in Fighting
  1319 | D:3      | Reached XP level 3. HP: 30/30 MP: 3/3
  1580 | D:3      | Noticed Grinder
  1580 | D:3      | XOM: summons friendly crimson imp
  1583 | D:3      | XOM: divination: detect items
  1591 | D:3      | Killed Grinder
  1591 | D:3      | Reached skill level 5 in Fighting
  1591 | D:3      | Gained mutation: You have a pair of small horns on your
                  | head. [demonic ancestry]
  1591 | D:3      | Reached XP level 4. HP: 19/39 MP: 4/4
  1591 | D:3      | Gained mutation: You have a pair of horns on your head.
                  | [demonic ancestry]
  1591 | D:3      | Reached XP level 5. HP: 22/44 MP: 5/5
  1603 | D:3      | XOM: silly message
  1923 | D:4      | Found a staircase to the Ecumenical Temple.
  1966 | D:5      | Entered Level 5 of the Dungeon
  1986 | D:5      | Noticed an ice beast
  2031 | D:4      | XOM: mild Ice miscast
  2189 | D:4      | XOM: divination: detect creatures
  2194 | D:4      | XOM: harmless Tmut miscast
  2234 | D:4      | Found a sand-covered staircase.
  2239 | Ossuary  | Entered an ossuary
  2239 | Ossuary  | Noticed a wraith
  2239 | Ossuary  | Noticed a wraith
  2239 | Ossuary  | Noticed a wraith
  2341 | Ossuary  | Gained mutation: You are partially covered in yellow
                  | scales. (AC +2) [demonic ancestry]
  2341 | Ossuary  | Reached XP level 6. HP: 49/52 MP: 6/6
  2441 | Ossuary  | Noticed a wraith
  2447 | Ossuary  | Killed a wraith
  2447 | Ossuary  | Reached skill level 6 in Fighting
  2618 | Ossuary  | XOM: butterfly on damage
  2852 | D:4      | XOM: divination: detect items
  2860 | D:4      | XOM: silly message
  2861 | D:4      | XOM: confuse monster(s)
  2864 | D:4      | XOM: torment (31/53 hp)
  2895 | D:4      | XOM: noise
  2971 | D:4      | Reached XP level 7. HP: 19/59 MP: 7/7
  2974 | D:4      | Found an opulent altar of Gozag.
  3035 | D:4      | XOM: harmless Erth miscast
  3187 | D:4      | XOM: noise
  3209 | D:4      | Reached skill level 7 in Fighting
  3227 | D:4      | Reached skill level 5 in Axes
  3230 | D:4      | XOM: harmless Conj miscast
  3496 | D:4      | XOM: summons 2 friendly demons
  3918 | D:5      | Noticed Blork the orc
  3929 | D:5      | Killed Blork the orc
  3929 | D:5      | Reached skill level 8 in Fighting
  4086 | D:5      | Gained mutation: You have a pair of large horns on your
                  | head. [demonic ancestry]
  4086 | D:5      | Reached XP level 8. HP: 68/68 MP: 8/8
  4089 | D:5      | Found a snail-covered altar of Cheibriados.
  4182 | D:5      | XOM: confusion (+ monsters)
  4284 | D:5      | XOM: silly message
  4625 | D:6      | XOM: mild Hex miscast
  4731 | D:6      | Reached skill level 9 in Fighting
  4738 | D:6      | XOM: noise
  4749 | D:6      | XOM: divination: magic mapping
  5183 | D:6      | XOM: scenery: 2 doors open, 1 doors close
  5286 | D:7      | Found Zemut's Gadget Shoppe.
  5351 | D:7      | Found a radiant altar of Vehumet.
  5470 | D:7      | XOM: destruction
  5486 | D:7      | XOM: fog
  5633 | D:7      | Found a deep blue altar of Sif Muna.
  5811 | D:7      | XOM: divination: detect items
  5823 | D:8      | Found Vumaasch's Jewellery Shop.
  5824 | D:8      | XOM: confuse monster(s)
  5830 | D:8      | Reached skill level 10 in Fighting
  5832 | D:8      | Noticed a hornet
  5835 | D:8      | Gained mutation: You are immune to rotting. [demonic
                  | ancestry]
  5835 | D:8      | Reached XP level 9. HP: 72/78 MP: 9/9
  5838 | D:8      | Noticed Pikel
  5841 | D:8      | XOM: medium Conj miscast
  5843 | D:7      | Paralysed by a hornet for 1 turns
  5843 | D:7      | Mangled by a hornet

Skill      XL: |  1  2  3  4  5  6  7  8 |
---------------+-------------------------+-----
Axes           | 3 4 5 6 |  6.8
Fighting       | 4 5 6 8 10 | 10.0
Armour         | |  1.7
Dodging        | |  0.8

Action                   |  1- 3 |  4- 6 |  7- 9 || total
-------------------------+-------+-------+-------++-------
Melee: Hand axe          |    79 |    94 |   228 ||   401
       Headbutt          |       |    17 |    48 ||    65
  Use: Scroll            |       |       |     7 ||     7
       Potion            |       |       |     2 ||     2
 Stab: Invisible         |     4 |       |       ||     4
       Sleeping          |     1 |     2 |     2 ||     5
       Petrifying        |       |     1 |     1 ||     2
       Confused          |       |     1 |     3 ||     4
       Paralysed         |       |       |     6 ||     6
  Eat: Chunk             |     2 |     2 |     8 ||    12
       Ration            |       |     1 |       ||     1
Armor: Leather armour    |    25 |    27 |    81 ||   133
Dodge: Dodged            |    54 |    46 |   109 ||   209
